 Dungeon Crawl Stone Soup version 0.14-a0-426-gb52781e (webtiles) character file.

180 monoball the Skirmisher (level 4, 0/26 HPs)
             Began as a Gargoyle Skald on Oct 28, 2013.
             Killed from afar by Sigmund (3 damage)
             ... with a wand of flame
             ... on Level 3 of the Dungeon.
             The game lasted 00:11:41 (1706 turns).

monoball the Skirmisher (Gargoyle Skald)            Turns: 1706, Time: 00:11:41

HP   0/26        AC  9     Str 15      XL: 4   Next: 73%
MP   3/8         EV 10     Int 14      God:
Gold 80          SH  0     Dex  9      Spells:  2 memorised,  5 levels left

Res.Fire  : . . .   See Invis. : .   x - +0 long sword
Res.Cold  : . . .   Warding    : .   b - +0 leather armour
Life Prot.: + . .   Conserve   : .   (no shield)
Res.Poison: +       Res.Corr.  : .   C - +0 dwarf helmet (curse)
Res.Elec. : .       Clarity    : .   (no cloak)
Sust.Abil.: . .     Spirit.Shd : .   (no gloves)
Res.Mut.  : .       Stasis     : .   k - +0 pair of boots
Res.Rott. : +       Flight     : .   (no amulet)
Saprovore : . . .                    (no ring)
                                     (no ring)

@: confused, slightly resistant to hostile enchantments, extremely unstealthy
A: fangs 1, talons 2, life protection 1, slow metabolism 1, unbreathing,
petrification resistance, AC +3
a: Stop Singing


You were on level 3 of the Dungeon.
You were not hungry.

You visited 1 branch of the dungeon, and saw 3 of its levels.

You collected 60 gold pieces.

Inventory:

Hand weapons
 a - a +0,+0 mace
 u - a +0,+0 long sword
 v - a +0,+0 war axe
 w - a +2,+0 elven spear
 x - a +0,+0 long sword (weapon)
Missiles
 h - 34 stones
 n - 9 tomahawks (quivered)
Armour
 b - a +0 leather armour (worn)
 k - a +0 pair of boots (worn)
 C - a cursed +0 dwarven helmet (worn)
Comestibles
 d - a bread ration
 g - a rotting chunk of bat flesh
 j - 2 chokos
 p - a chunk of adder flesh
 s - a chunk of rat flesh
 z - a chunk of rat flesh
 B - a chunk of bat flesh
Scrolls
 e - a scroll of curse weapon {unknown}
 i - a scroll of identify {unknown}
 m - a scroll of blinking {unknown}
 r - a scroll of enchant weapon I {unknown}
 t - a scroll of remove curse {unknown}
 y - a scroll of fear {unknown}
Jewellery
 f - an uncursed amulet of resist mutation {unknown}
Books
 c - a book of Battle

   Spells                             Type                      Level
   *Infusion                          Charms                       1
   Shroud of Golubria                 Charms/Translocation         2
   *Song of Slaying                   Charms                       2
   Spectral Weapon                    Hexes/Charms                 3
   Regeneration                       Charms/Necromancy            3


   Skills:
 + Level 3.5 Fighting
 - Level 2.1 Maces & Flails
 + Level 2.5 Armour
 - Level 0.7 Dodging
 + Level 2.5 Spellcasting
 + Level 3.3 Charms


You had 5 spell levels left.
You knew the following spells:

 Your Spells              Type           Power        Failure   Level  Hunger
a - Infusion              Chrm           ##....       10%         1    #......
b - Song of Slaying       Chrm           ##......     12%         2    ##.....


Dungeon Overview and Level Annotations

Branches:
Dungeon (3/27)

Altars:

Annotations:
D:3 Sigmund


Innate Abilities, Weirdness & Mutations

You are resistant to torment.
You are immune to poison.
Your stone body is very resilient (AC +3).
You have very sharp teeth.
You have razor-sharp toenails.
You resist negative energy.
You have a slow metabolism.
You can survive without breathing.
You are immune to petrification.


Message History

You see here a worm corpse.
You miss it.
You hear some strange, mumbled words.
Something tries to affect you, but you resist.
It hits you.
* * * LOW HITPOINT WARNING * * *
You closely miss it.
Your attacks are no longer magically infused.
It hits you but does no damage.
You miss it. It hits you but does no damage.
An adder comes into view.
You slash it!
You hear some strange, mumbled words.
You are confused.
Ouch! Your song is almost over.
You hear a zap.
The puff of flame hits you!
Your scroll labeled OHEM SUDAMEVAW catches fire!
You die...

#..........######.........#
.######.### #########.# ##
#.# #.#
......####.######... #.#
.........{.......... #.#
......####.######... #.#
.......####.# #.#
.....?..>...############ .#
........S....@..........
.######################


You could see an adder.

Vanquished Creatures
  4 adders (D:2)
  A giant mite (D:2)
  A worm (D:3)
  A giant cockroach (D:2)
  8 goblins
  5 hobgoblins (D:1)
  3 jackals (D:1)
  5 kobolds
  2 oozes
  2 quokkas (D:2)
  A ball python (D:1)
  6 bats
  2 giant geckos (D:1)
  3 giant newts
  5 rats
49 creatures vanquished.

Notes
Turn   | Place    | Note
--------------------------------------------------------------
     0 | D:1      | monoball, the Gargoyle Skald, began the quest for the Orb.
     0 | D:1      | Reached XP level 1. HP: 12/12 MP: 3/3
   177 | D:1      | Reached XP level 2. HP: 13/16 MP: 5/5
   193 | D:1      | Learned a level 2 spell: Song of Slaying
   686 | D:1      | Reached XP level 3. HP: 21/21 MP: 6/6
  1088 | D:2      | Reached skill level 3 in Fighting
  1157 | D:2      | Reached XP level 4. HP: 24/26 MP: 2/8
  1678 | D:3      | Noticed Sigmund
  1706 | D:3      | Killed from afar by Sigmund

Action                   |  1- 3 |  4- 6 || total
-------------------------+-------+-------++-------
Melee: Mace              |   118 |     6 ||   124
       Long sword        |       |    51 ||    51
 Cast: Infusion          |     3 |     3 ||     6
       Song of Slaying   |     1 |     1 ||     2
